 Dungeon Crawl Stone Soup version 0.20.1-1-g8b1a95d66d (webtiles) character file.

1489 Popi the Covered (level 9, -1/68 HPs)
             Began as a Human Fighter on Dec 19, 2017.
             Was an Initiate of the Shining One.
             Slain by Grinder (7 damage)
             ... on level 5 of the Dungeon.
             The game lasted 00:16:20 (6402 turns).

Popi the Covered (Human Fighter)                    Turns: 6402, Time: 00:16:21

Health: -1/68      AC: 15    Str: 18 (19) XL:     9   Next: 7%
Magic:  9/9        EV:  8    Int:  8 (9)  God:    the Shining One [......]
Gold:   222        SH:  0    Dex: 13      Spells: 8/8 levels left

rFire    . . .     SeeInvis .   g - +0 battleaxe (curse)
rCold    . . .     Gourm    .   (shield currently unavailable)
rNeg     . . .     Faith    .   c - +0 chain mail
rPois    .         Spirit   .   h - +2 helmet
rElec    .         Reflect  .   (no cloak)
rCorr    .         Harm     +   w - +0 pair of gloves
MR       .....                  (no boots)
Stlth    ..........             x - amulet of harm (curse)
Regen    0.3/turn               (no ring)
MPRegen  0.2/turn               (no ring)

@: glowing
A: camouflage 1, high mp 1
a: Renounce Religion


You were on level 5 of the Dungeon.
You worshipped the Shining One.
The Shining One was noncommittal.
You were not hungry.

You visited 2 branches of the dungeon, and saw 6 of its levels.

You collected 222 gold pieces.

Inventory:

Hand Weapons
 a - a +0 long sword
 g - a cursed +0 battleaxe (weapon)
Armour
 c - a +0 chain mail (worn)
 h - a +2 helmet (worn)
 w - a +0 pair of gloves (worn)
Jewellery
 x - a cursed amulet of harm (around neck)
 C - an uncursed ring of see invisible {unknown}
Wands
 s - a wand of random effects (20/48)
 y - a wand of disintegration (13/24)
Scrolls
 e - a scroll of recharging
 k - 4 scrolls of identify
 l - 2 scrolls of magic mapping
 o - a scroll of teleportation {unknown}
 r - 2 scrolls of enchant armour
 u - a scroll of remove curse
 B - a scroll of immolation {unknown}
Potions
 b - a potion of lignification
 d - 2 potions of might
 i - a potion of ambrosia
 m - a potion of heal wounds
 n - a potion of flight
 t - a potion of haste
 v - a potion of agility
 z - a potion of brilliance {unknown}
Books
 A - a book of Callings

   Spells                             Type                      Level
   a - Summon Small Mammal            Summoning                    1
   b - Call Imp                       Summoning                    2
   c - Call Canine Familiar           Summoning                    3
   d - Summon Guardian Golem          Hexes/Summoning              3
   e - Summon Lightning Spire         Summoning/Air                4
   f - Summon Ice Beast               Ice/Summoning                4
Comestibles
 f - 3 bread rations
 j - a fruit
 p - 5 meat rations
 q - 3 royal jellies


   Skills:
 - Level 5.0 Fighting
 - Level 5.1 Long Blades
 - Level 5.0 Axes
 - Level 7.3 Armour
 + Level 1.0 Dodging
   Level 3.0 Shields


You had 8 spell levels left.
You didn't know any spells.

Dungeon Overview and Level Annotations

Branches:
Dungeon (5/15)             Temple (1/1) D:5

Altars:
Ashenzari
Cheibriados
Dithmenos
Elyvilon
Fedhas
Gozag
Hepliaklqana
Kikubaaqudgha
Makhleb
Nemelex Xobeh
Okawaru
Qazlal
Ru
Sif Muna
Trog
Uskayaw
Vehumet
Xom
Yredelemnul
Zin
The Shining One

Annotations:
D:5 Eustachio; Grinder; monokles's ghost, novice DsWr


Innate Abilities, Weirdness & Mutations

Your skin changes colour to match your surroundings (Stealth+).
You have an increased reservoir of magic. (+10% MP)


Message History

Grinder is heavily wounded.
Grinder hits you.
* * * LOW HITPOINT WARNING * * *
You writhe in agony.
* * * LOW HITPOINT WARNING * * *
You hit Grinder.
Grinder is heavily wounded.
Grinder gestures at you. Pain shoots through your body!
* * * LOW HITPOINT WARNING * * *
You hit Grinder but do no damage.
Grinder is heavily wounded.
Grinder drinks a potion.
Grinder is healed!
Grinder gestures at you. Pain shoots through your body!
The Shining One protects you from harm!
You closely miss Grinder.
Grinder is moderately wounded.
Grinder hits you.
You die...

.[...... ......##
#####.. ########
########...#
#(.....###........###
#.....(....########
#......#####
#......#######
#..5@.........
#......#######
#......# #......#
########


You could see Grinder.

Vanquished Creatures
  Pikel (D:5)
  The ghost of Popi the Slasher, an amateur HuFi (D:3)
  An orc warrior (D:4)
  An ice beast (D:5)
  A slave (D:5)
  An ogre (D:5)
  A scorpion (D:4)
  The ghost of Popi the Covered, a weakling HuFi (D:4)
  3 hounds
  2 orc priests (D:4)
  3 orc wizards
  A worker ant (D:5)
  A howler monkey zombie (D:5)
  5 gnolls
  8 adders
  An ooze (D:4)
  An adder skeleton (D:4)
  4 worms
  8 dart slugs
  2 leopard geckos (D:1)
  16 orcs
  8 bats
  2 giant cockroaches
  7 goblins
  14 hobgoblins
  16 jackals
  4 quokkas (D:2)
  A ball python (D:1)
  7 frilled lizards
  9 kobolds
  11 rats
142 creatures vanquished.

Vanquished Creatures (others)
  3 slaves (D:5)
  An adder (D:5)
  An orc (D:5)
  A giant cockroach (D:5)
  5 plants (D:2)
11 creatures vanquished.

Grand Total: 153 creatures vanquished

Notes
Turn   | Place    | Note
-------+----------+-------------------------------------------
     0 | D:1      | Popi the Human Fighter began the quest for the Orb.
     0 | D:1      | Reached XP level 1. HP: 18/18 MP: 1/1
    91 | D:1      | Reached XP level 2. HP: 20/24 MP: 2/2
   151 | D:1      | Reached XP level 3. HP: 18/29 MP: 3/3
   709 | D:1      | Reached XP level 4. HP: 31/37 MP: 4/4
  1353 | D:2      | Reached XP level 5. HP: 21/42 MP: 5/5
  1923 | D:2      | Found a stormy altar of Qazlal.
  2432 | D:2      | Reached XP level 6. HP: 49/49 MP: 6/6
  3425 | D:3      | Noticed Popi's ghost (amateur HuFi)
  3533 | D:4      | Reached skill level 5 in Long Blades
  3649 | D:4      | Noticed Popi's ghost (weakling HuFi)
  3678 | D:4      | Noticed an orc warrior
  3736 | D:4      | Killed an orc warrior
  3736 | D:4      | Reached skill level 5 in Fighting
  3736 | D:4      | Reached XP level 7. HP: 19/56 MP: 7/7
  3973 | D:4      | Reached skill level 4 in Armour
  4029 | D:4      | Killed Popi's ghost
  4101 | D:4      | Reached skill level 1 in Axes
  5091 | D:3      | Killed Popi's ghost
  5091 | D:3      | Reached XP level 8. HP: 26/62 MP: 8/8
  5326 | D:5      | Entered Level 5 of the Dungeon
  5341 | D:5      | Gained mutation: You have an increased reservoir of magic. (+10% MP) [potion of mutation]
  5341 | D:5      | Lost mutation: You have an increased reservoir of magic. (+10% MP) [potion of mutation]
  5341 | D:5      | Gained mutation: You have an increased reservoir of magic. (+10% MP) [potion of mutation]
  5341 | D:5      | Gained mutation: Your skin changes colour to match your surroundings (Stealth+). [potion of mutation]
  5477 | D:5      | Reached skill level 5 in Axes
  5493 | D:5      | Found a staircase to the Ecumenical Temple.
  5545 | D:5      | Noticed Pikel
  5584 | D:5      | Killed Pikel
  5584 | D:5      | Reached skill level 6 in Armour
  5606 | D:5      | Noticed monokles's ghost (novice DsWr)
  5887 | Temple   | Entered the Ecumenical Temple
  5998 | Temple   | Became a worshipper of the Shining One
  6137 | D:5      | Reached skill level 7 in Armour
  6137 | D:5      | Reached XP level 9. HP: 53/68 MP: 9/9
  6165 | D:5      | Reached skill level 1 in Dodging
  6194 | D:5      | Noticed Eustachio
  6375 | D:5      | Noticed Grinder
  6381 | D:5      | Paralysed by Grinder for 5 turns
  6401 | D:5      | The Shining One protects you from harm!
  6402 | D:5      | Slain by Grinder

Skill      XL: |  1  2  3  4  5  6  7  8  9 |
---------------+----------------------------+-----
Long Blades    | 3 4 5 |  5.1
Fighting       | 4 5 |  5.0
Armour         | 4 7 |  7.3
Axes           | 4 5 |  5.0
Dodging        | 1 |  1.0
Shields        | |  3.0

Action                   |  1- 3 |  4- 6 |  7- 9 || total
-------------------------+-------+-------+-------++-------
Melee: Long sword        |    82 |   279 |       ||   361
       Battleaxe         |       |       |   234 ||   234
  Use: Potion            |       |     6 |     4 ||    10
       Scroll            |       |     3 |     8 ||    11
  Eat: Chunk             |       |    10 |     9 ||    19
Armor: Scale mail        |    52 |   120 |       ||   172
       Chain mail        |       |       |   178 ||   178
Dodge: Dodged            |    53 |   166 |   112 ||   331
       Rpst.: Long sword |    11 |    57 |       ||    68
